 Dungeon Crawl Stone Soup version 0.27-a0-1081-ge8a0a9c698 (webtiles) character file.

Game seed: 13099862350192063541

478 tardwrangler69 the Spear-Bearer (level 7, 0/55 HPs)
             Began as a Merfolk Gladiator on Apr 25, 2021.
             Slain by an ogre
             ... wielding a +0 giant club
              (19 damage)
             ... on level 5 of the Dungeon.
             The game lasted 00:05:15 (5173 turns).

tardwrangler69 the Spear-Bearer (Merfolk Gladiator) Turns: 5173, Time: 00:05:15

Health: 0/55       AC:  4    Str: 16    XL:     7   Next: 11%
Magic:  7/7        EV: 14    Int:  7    God:
Gold:   273        SH:  0    Dex: 16    Spells: 6/6 levels left

rFire    . . .     SeeInvis .   a - +0 trident
rCold    . . .     Faith    .   (no shield)
rNeg     . . .     Spirit   .   b - +0 leather armour
rPois    .         Reflect  .   c - +0 helmet
rElec    .         Harm     .   (no cloak)
rCorr    .         Rampage  .   (no gloves)
Will     .....                  (no boots)
Stlth    +.........             (no amulet)
HPRegen  0.18/turn              (no ring)
MPRegen  0.10/turn              (no ring)

@: no status effects
A: (nimble swimmer 2), mertail
a: no special abilities


You were on level 5 of the Dungeon.
You visited 1 branch of the dungeon, and saw 5 of its levels.

You collected 273 gold pieces.

Inventory:

Hand Weapons
 a - a +0 trident (weapon)
Missiles
 d - 3 throwing nets (quivered)
Armour
 b - a +0 leather armour (worn)
 c - a +0 helmet (worn)
Wands
 o - a wand of charming (11)
Scrolls
 e - 3 scrolls of teleportation {unknown}
 f - a scroll of vulnerability {unknown}
 g - a scroll of enchant weapon {unknown}
 h - a scroll of magic mapping {unknown}
 i - a scroll of torment {unknown}
 k - 3 scrolls of noise {unknown}
 n - 5 scrolls of identify {unknown}
 p - a scroll of immolation {unknown}
Potions
 j - a potion of curing
 l - 2 potions of lignification
 m - a potion of brilliance {unknown}
 q - a potion of flight {unknown}


   Skills:
 + Level 4.3 Fighting
 * Level 8.6 Polearms
 - Level 2.0 Throwing
 + Level 6.1 Dodging


You had 6 spell levels left.
You didn't know any spells.
Your spell library contained the following spells:

 Spells                   Type           Power      Damage    Failure   Level
 Freeze                   Ice            0%         1d3       50%         1
 Sandblast                Erth           0%         2d4       50%         1
 Passwall                 Tmut/Erth      0%         N/A       65%         2
 Frozen Ramparts          Ice            0%         1d2       86%         3
 Ozocubu's Armour         Ice            0%         N/A       86%         3
 Stone Arrow              Conj/Erth      0%         3d7       86%         3
 Hailstorm                Conj/Ice       0%         3d3       99%         4
 Petrify                  Tmut/Erth      0%         N/A       99%         4
 Lee's Rapid Deconstruct  Erth           0%         3d5*      100%        5
 Metabolic Englaciation   Hex/Ice        0%         N/A       100%        5


Dungeon Overview and Level Annotations

Branches:
Dungeon (5/15)
 Temple: D:4-7

Altars:
Ashenzari
Qazlal
Ru
Wu Jian

Shops:
D:2 (

Annotations:
D:3 2 transporters, Sabo's ghost, amateur DsGl


Innate Abilities, Weirdness & Mutations

((You are quick and stealthy near water. (Stealth+, EV+, Speed+++)))
Your lower body shifts to a powerful aquatic tail in water.


Message History

You see here a quokka corpse.
n - 5 scrolls labelled QUAHUERHIT (gained 1)
j - a potion of curing
q - a puce potion You now have 273 gold pieces (gained 11).
An iguana and an ogre come into view.
The ogre shouts!
There are monsters nearby!
You hit the ogre.
The ogre is lightly wounded.
The ogre misses you.
You hit the ogre.
The ogre is lightly wounded.
You hit the ogre.
The ogre is lightly wounded.
The ogre hits you with a +0 giant club!
You hit the ogre.
The ogre is moderately wounded.
The ogre closely misses you.
The iguana hisses menacingly.
You puncture the ogre!
The ogre is heavily wounded.
The ogre closely misses you.
You barely miss the ogre.
The ogre is heavily wounded.
You barely miss the ogre.
The ogre is heavily wounded.
The ogre misses you.
You hit the ogre.
The ogre is severely wounded.
The ogre hits you with a +0 giant club!!
You hit the ogre.
The ogre is severely wounded.
You hit the ogre.
The ogre is almost dead.
The ogre closely misses you.
You completely miss the ogre.
The ogre is almost dead.
The ogre hits you with a +0 giant club!!
You die...

#......†.....##.#
#(####..##.#.##.#
#.# #..##......##
#.# #..####.#....
#.# #..# #.##.##
#.# #..####.##.##
#l# #............
#O# #..........##
#@##########.####
#............#
##############


You could see an ogre and an iguana.

Vanquished Creatures
  A centaur (D:5)
  2 ogres (D:5)
  A hound (D:2)
  A jelly (D:4)
  An iguana (D:5)
  A hound skeleton (D:4)
  Robin (D:3)
  An adder (D:2)
  An ufetubus (D:5)
  2 dart slugs (D:1)
  6 orcs
  5 endoplasms
  A giant cockroach (D:3)
  18 goblins
  9 hobgoblins
  9 jackals
  13 kobolds
  2 quokkas
  4 ball pythons
  7 bats
  A frilled lizard (D:1)
  10 rats
97 creatures vanquished.

Vanquished Creatures (others)
  A howler monkey (D:5)
  4 fungi (D:2)
  10 plants (D:2)
15 creatures vanquished.

Grand Total: 112 creatures vanquished

Notes
Turn   | Place    | Note
-------+----------+-------------------------------------------
     0 | D:1      | tardwrangler69 the Merfolk Gladiator began the quest for
                  | the Orb.
     0 | D:1      | Reached XP level 1. HP: 16/16 MP: 1/1
   199 | D:1      | Reached XP level 2. HP: 7/23 MP: 2/2
   515 | D:1      | Reached skill level 5 in Polearms
   881 | D:1      | Reached XP level 3. HP: 28/28 MP: 3/3
  1170 | D:2      | Found Roeh's Antique Weapon Shoppe.
  1258 | D:2      | Found a faded altar of an unknown god.
  1402 | D:2      | Reached XP level 4. HP: 34/34 MP: 4/4
  1494 | D:2      | Reached skill level 6 in Polearms
  2062 | D:3      | Found a transporter.
  2076 | D:3      | Noticed Sabo's ghost (amateur DsGl)
  2089 | D:3      | Found a sacrificial altar of Ru.
  2107 | D:3      | Noticed Robin
  2138 | D:3      | Reached skill level 5 in Dodging
  2187 | D:3      | Killed Robin
  2188 | D:3      | Reached XP level 5. HP: 21/41 MP: 5/5
  2893 | D:3      | Found a transporter.
  3079 | D:4      | Reached skill level 7 in Polearms
  3764 | D:4      | Noticed an ogre
  4196 | D:4      | Found a stormy altar of Qazlal.
  4198 | D:4      | Found an ornate altar of the Wu Jian Council.
  4198 | D:4      | Found a broken altar of Ashenzari.
  4445 | D:5      | Entered Level 5 of the Dungeon
  4445 | D:5      | Noticed a centaur
  4453 | D:5      | Killed a centaur
  4454 | D:5      | Reached XP level 6. HP: 37/48 MP: 6/6
  4785 | D:5      | Reached skill level 8 in Polearms
  4936 | D:5      | Reached XP level 7. HP: 43/55 MP: 7/7
  5173 | D:5      | Slain by an ogre

Illustrated notes

Levels and vault maps discovered:
D:1:      minmay_arrival_five_plusses, layout_rooms, hangedman_glass_teeth
D:2:      layout_basic, serial_shops,
          nicolae_shop_temple_entry_statues_fountains,
          shapermc_ecumenical_altar_mp_ritualfount
D:3:      layout_rooms, amcnicky_altar_gilded, gammafunk_ghost_stat_death,
          grunt_ministairs_14, uniq_robin
D:4:      layout_loops_corners, grunt_temple_overflow_open, grunt_decor_cap,
          minmay_misc_feat_enclosed, kennysheep_opposing_triangles
D:5:      layout_loops_ring, nemelex_xobeh_ov_fountains_minmay,
          lemuel_temple_firewalk_b, uniq_prince_ribbit1, uniq_blork_the_orc

Skill      XL: |  1  2  3  4  5  6 |
---------------+-------------------+-----
Polearms       | 5 6 7 8 |  8.6
Fighting       | 3 4 |  4.3
Dodging        | 5 6 |  6.1
Throwing       | |  2.0

Action                   |  1- 3 |  4- 6 |  7- 9 || total
-------------------------+-------+-------+-------++-------
Melee: Trident           |   111 |   200 |    19 ||   330
  Use: Potion            |       |     3 |       ||     3
 Stab: Sleeping          |       |     2 |       ||     2
Armor: Leather armour    |    16 |    34 |     3 ||    53
       Skin              |       |     4 |       ||     4
Dodge: Dodged            |    49 |   102 |    14 ||   165

Table legend: (Time is in decaauts)
 A = Elapsed time spent in this place.
 B = Non-inter-level travel time spent in this place.
 C = Inter-level travel time spent in this place.
 D = Time resting spent in this place.
 E = Time spent auto-exploring this place.
 F = Levels seen in this place.
 G = Mean time per level.
                   A        B        C        D        E       F      G
               +--------+--------+--------+--------+--------+-----+--------+
         Total |   5157 |   4884 |    273 |    135 |   4094 |   5 | 1031.4 |
       Dungeon |   5157 |   4884 |    273 |    135 |   4094 |   5 | 1031.4 |
               +--------+--------+--------+--------+--------+-----+--------+

Top non-repeatable levels by time:
     D:2: 1247 daAuts
     D:4: 1216 daAuts
     D:3: 1149 daAuts
     D:1: 958 daAuts
     D:5: 584 daAuts
